 Dungeon Crawl Stone Soup version 0.28-a0-1616-g050a50673c (webtiles) character file.

Game seed: 16333888249474085842

55 croobank the Skirmisher (level 3, -3/26 HPs)
             Began as an Octopode Abyssal Knight on Jan 22, 2022.
             Was a Follower of Lugonu.
             Slain by a gnoll (12 damage)
             ... on level 2 of the Dungeon.
             The game lasted 00:04:39 (1417 turns).

croobank the Skirmisher (Octopode Abyssal Knight)   Turns: 1417, Time: 00:04:40

Health: -3/26      AC:  1    Str: 12    XL:     3   Next: 93%
Magic:  4/4        EV: 13    Int: 14    God:    Lugonu [*.....]
Gold:   58         SH:  0    Dex: 12    Spells: 2/2 levels left

rFire   . . .      SeeInvis .   d - +4 whip
rCold   . . .      Faith    .   (no shield)
rNeg    . . .      Spirit   .   (helmet restricted)
rPois   .          Reflect  .   (no amulet)
rElec   .          Harm     .   (no ring)
rCorr   .          Rampage  .   (no ring)
Will    .....                   (no ring)
Stlth   ++........              (no ring)
HPRegen 0.08/turn               (no ring)
MPRegen 0.09/turn               (no ring)
                                (no ring)
                                (no ring)

@: no status effects
A: almost no armour, amphibious, 8 rings, camouflage 1, gelatinous body 1,
(nimble swimmer 1), tentacles
a: Renounce Religion, Depart the Abyss


You were on level 2 of the Dungeon.
You worshipped Lugonu.
Lugonu was aware of your devotion.
You visited 1 branch of the dungeon, and saw 3 of its levels.
You visited the Abyss 1 time.

You collected 58 gold pieces.

Inventory:

Hand Weapons
 a - a +1 hand axe
 d - a +4 whip (weapon)
Missiles
 c - 49 bolts
 f - 23 stones
Scrolls
 h - a scroll of immolation {unknown}
 i - a scroll of fear {unknown}
Potions
 b - 2 potions of might {unknown}
 e - a potion of berserk rage {unknown}
 g - a potion of lignification {unknown}
 j - a potion of brilliance {unknown}
 k - a potion of haste {unknown}


   Skills:
 + Level 3.3 Fighting
 - Level 2.0(2.4) Axes
 * Level 1.9(2.3) Maces & Flails
 + Level 2.8 Dodging
 + Level 2.6 Invocations


You had 2 spell levels left.
You didn't know any spells.
Your spell library was empty.

Dungeon Overview and Level Annotations

Branches:
Dungeon (3/15)

Altars:


Innate Abilities, Weirdness & Mutations

You cannot wear most types of armour.
You are amphibious.
You can wear up to eight rings at the same time.
Your skin changes colour to match your surroundings (Stealth+).
Your rubbery body absorbs attacks. (AC +1, EV +1)
((You are camouflaged when in or above water. (Stealth+)))
You have tentacles for arms and can constrict up to eight enemies at once.


Message History

The gnoll is almost dead.
You constrict the gnoll.
You kill the gnoll!
Lugonu accepts your kill.
The gnoll hits you from afar with a +0 spear.
The gnoll hits you with a +0 spear. The gnoll barely misses you.
Things that are here:
a +0 flail; a +0 robe You hit the gnoll.
You grab the gnoll. Your squeeze misses the gnoll.
The gnoll is lightly wounded.
You constrict the gnoll. The gnoll misses you. The gnoll barely misses you.
You whack the gnoll!
The gnoll is almost dead.
You constrict the gnoll.
You kill the gnoll!
Lugonu accepts your kill.
The gnoll hits you from afar with a +0 spear.
The gnoll closely misses you.
Things that are here:
a +0 spear; a gnoll corpse You hit the gnoll.
You grab the gnoll.
The gnoll is moderately wounded.
You constrict the gnoll. The gnoll barely misses you.
You hit the gnoll.
The gnoll is severely wounded.
You constrict the gnoll, but do no damage.
The gnoll hits you with a +0 spear.
You hit the gnoll. You squeeze the gnoll.
The gnoll is almost dead.
You constrict the gnoll. The gnoll hits you with a +0 spear.
You completely miss the gnoll. You squeeze the gnoll.
You kill the gnoll!
Lugonu accepts your kill.
You closely miss the gnoll. You grab the gnoll. You constrict the gnoll.
The gnoll closely misses you.
You hit the gnoll.
The gnoll is heavily wounded.
You constrict the gnoll, but do no damage.
The gnoll hits you with a +0 flail!
You die...

###.......# ##.....
#.........######..^...
#.................##.#
..#...<..##)#g.......###
#...##...†.............#
#.......).......#####.
#.###.#####.###.#
#.###.# #.# #g# #...#.#
#.# #@# .#.#
#...#.#####.#
#)#####.#.#
#...#.......# #.........
#..#.####### #######.##
###..#.# ######....#
.......#######.........#
###..........#.........#
#..###.###.#.........#
#.## ##.##.#>.[......#


You could see a gnoll.

Vanquished Creatures
  3 gnolls (D:2)
  A dart slug (D:1)
  4 ball pythons (D:1)
  A giant cockroach (D:1)
  3 hobgoblins
  3 jackals (D:1)
  2 quokkas
  4 kobolds
  3 rats (D:1)
24 creatures vanquished.

Notes
Turn   | Place    | Note
-------+----------+-------------------------------------------
     0 | Abyss:1  | croobank the Octopode Abyssal Knight began the quest for
                  | the Orb.
     0 | Abyss:1  | Reached XP level 1. HP: 16/16 MP: 2/2
     0 | Abyss:1  | Found a corrupted altar of Lugonu.
    42 | Abyss:2  | Noticed an ancient zyme
    57 | D:1      | Escaped the Abyss
   266 | D:1      | Reached * piety under Lugonu
   278 | D:1      | Reached XP level 2. HP: 10/21 MP: 3/3
   461 | D:1      | Found a faded altar of an unknown god.
   576 | D:1      | Reached skill level 1 in Maces & Flails
  1389 | D:2      | Reached XP level 3. HP: 26/26 MP: 4/4
  1417 | D:2      | Slain by a gnoll

Illustrated notes

Levels and vault maps discovered:
D:1:      minmay_arrival_glassed_features, layout_basic,
          ebering_ecumenical_altar_box
D:2:      layout_loops_ring
D:3:      layout_basic, uniq_terence

Skill      XL: |  1  2 |
---------------+-------+-----
Maces & Flails | 1 |  1.9
Fighting       | |  3.3
Axes           | |  2.0
Dodging        | |  2.8
Invocations    | |  2.6

Action                   || total
-------------------------++-------
Melee: Whip              ||    48
       Constrict         ||    16
       Hand axe          ||     3
       Tentacles         ||     7
Invok: Depart the Abyss  ||     1
 Stab: Sleeping          ||     2
Armor: Skin              ||     4
Dodge: Dodged            ||    43

Table legend: (Time is in decaauts)
 A = Elapsed time spent in this place.
 B = Non-inter-level travel time spent in this place.
 C = Inter-level travel time spent in this place.
 D = Time resting spent in this place.
 E = Time spent auto-exploring this place.
 F = Levels seen in this place.
 G = Mean time per level.
                   A        B        C        D        E       F      G
               +--------+--------+--------+--------+--------+-----+--------+
         Total |   1417 |   1387 |     30 |    341 |    732 |   5 |  283.4 |
       Dungeon |   1360 |   1330 |     30 |    341 |    732 |   3 |  453.3 |
         Abyss |     56 |     56 |      0 |      0 |      0 |   2 |   28.0 |
               +--------+--------+--------+--------+--------+-----+--------+

Top non-repeatable levels by time:
     D:1: 1273 daAuts
     D:2: 85 daAuts
 Abyss:2: 37 daAuts
 Abyss:1: 19 daAuts
     D:3: 1 daAuts
